 Dungeon Crawl Stone Soup version 0.30-a0-1075-gcd70e7a56d (webtiles) character file.

Game seed: 11141825320428509400

84 Strat the Chopper (level 4, -2/37 HPs)
             Began as a Minotaur Reaver on Apr 14, 2023.
             Killed from afar by an orc wizard (4 damage)
             ... with a magic dart
             ... on level 2 of the Dungeon.
             The game lasted 00:02:34 (1246 turns).

Strat the Chopper (Minotaur Reaver)                 Turns: 1246, Time: 00:02:35

Health: -2/37      AC:  6    Str: 18 (19) XL:     4   Next: 24%
Magic:  0/5        EV: 10    Int:  7 (10) God:
Gold:   31         SH:  0    Dex:  7 (8)  Spells: 2/5 levels left

rFire   . . .      SeeInvis .    a - +0 hand axe
rCold   . . .      Faith    .    (no shield)
rNeg    . . .      Spirit   +    k - +0 ring mail
rPois   .          Reflect  .    (helmet restricted)
rElec   .          Rampage  .    j - +0 cloak
rCorr   .                        (no gloves)
Will    .....                    (no boots) Stlth
                                 i - amulet of guardian spirit
HPRegen 0.26/turn                c - ring of flight
MPRegen 0.09/turn                (no ring)

@: confused, flying, invisible
A: horns 2, retaliatory headbutt
a: no special abilities


You were on level 2 of the Dungeon.
You visited 1 branch of the dungeon, and saw 2 of its levels.

You collected 31 gold pieces.

Inventory:

Hand Weapons
 a - a +0 hand axe (weapon)
Armour
 b - a +0 leather armour
 j - a +0 cloak (worn)
 k - a +0 ring mail (worn)
Jewellery
 c - a ring of flight (left hand)
 i - an amulet of guardian spirit (around neck)
 n - an amulet of reflection
Scrolls
 d - a scroll of enchant armour {unknown}
 g - a scroll of enchant weapon {unknown}
 m - 2 scrolls of identify {unknown}
 o - a scroll of teleportation {unknown}
Potions
 l - a potion of might {unknown}
 p - a potion of curing {unknown}


   Skills:
 - Level 2.4 Fighting
 + Level 5.6 Axes
 + Level 2.2 Armour
 - Level 2.1 Dodging
 - Level 1.3 Spellcasting
 - Level 2.1 Conjurations


You had 2 spell levels left.
You knew the following spells:

 Your Spells              Type           Power      Damage    Failure   Level
a - Kiss of Death         Conj/Necr      8%         2d6       41%         1
b - Momentum Strike       Conj/Tloc      4%         3d8       56%         2

Your spell library contained the following spells:

 Spells                   Type           Power      Damage    Failure   Level
 Hailstorm                Conj/Ice       2%         3d3       80%         3


Dungeon Overview and Level Annotations

Branches:
Dungeon (2/15)

Altars:


Innate Abilities, Weirdness & Mutations

You have a pair of horns on your head.
You reflexively headbutt those who attack you in melee.


Message History

You bump into the rock wall.
You hear some strange, mumbled words.
A magic dart appears from out of thin air!
The magic dart hits you.
* * * LOW HITPOINT WARNING * * *
Something hits you but does no damage. The orc barely misses you.
The orc hits you with a +0 whip.
* * * LOW HITPOINT WARNING * * *
You barely miss something. You completely miss the orc.
You barely miss something. You closely miss the orc. Something hits you.
* * * LOW HITPOINT WARNING * * *
Something hits you but does no damage. The orc hits you but does no damage. x2
It was a potion of degeneration.
There was something very wrong with that liquid.
You feel weakened.
You feel dopey.
You feel clumsy.
You hear some strange, mumbled words.
You are more confused.
Something hits you.
* * * LOW HITPOINT WARNING * * *
The orc hits you with a +0 whip.
* * * LOW HITPOINT WARNING * * *
The orc closely misses you.
It was a potion of magic.
Magic courses through your body. Something hits you.
* * * LOW HITPOINT WARNING * * *
You hear some strange, mumbled words.
A magic dart appears from out of thin air!
The magic dart hits you.
* * * LOW HITPOINT WARNING * * *
The orc hits you but does no damage. x2
It was a potion of invisibility.
You fade into invisibility!
Something hits you but does no damage.
You hear some strange, mumbled words.
You are more confused.
The orc misses you. The orc barely misses you.
You bump into the rock wall.
You hear some strange, mumbled words.
A magic dart appears from out of thin air!
The magic dart hits you.
You die...

### #...# ..# #...# #.#
#...# # ..# #...# .#
..######...#########.#
..................#.# ##
...............o{o)###.#
................@{#.#.#
.#######...#########..#
.# #...# #o.# ## #...#
#o)# .# ##...## #.o# .#
#.....# #...
.#######...## #.[..
.##....)...##########.###
.##.#.......##......#.#


You could see 2 orcs.

Vanquished Creatures
  Natasha (D:2)
  2 adders (D:2)
  An orc (D:2)
  7 endoplasms
  A giant cockroach (D:1)
  4 goblins
  5 hobgoblins (D:1)
  2 quokkas (D:1)
  A ball python (D:1)
  4 bats (D:1)
  A frilled lizard (D:1)
  5 kobolds
  3 rats (D:1)
37 creatures vanquished.

Notes
Turn   | Place    | Note
-------+----------+-------------------------------------------
     0 | D:1      | Strat the Minotaur Reaver began the quest for the Orb.
     0 | D:1      | Reached XP level 1. HP: 18/18 MP: 1/1
    88 | D:1      | Reached skill level 4 in Axes
   106 | D:1      | Reached XP level 2. HP: 23/25 MP: 3/3
   109 | D:1      | Learned a level 2 spell: Momentum Strike
   433 | D:1      | Reached skill level 5 in Axes
   619 | D:1      | Reached XP level 3. HP: 27/30 MP: 4/4
   951 | D:2      | Reached skill level 1 in Armour
  1023 | D:2      | Noticed Natasha
  1033 | D:2      | Killed Natasha
  1034 | D:2      | Reached XP level 4. HP: 27/37 MP: 3/5
  1246 | D:2      | Killed from afar by an orc wizard

Illustrated notes

Levels and vault maps discovered:
D:1:      minmay_arrival_diagonal_passages, layout_basic, grunt_decor_cap,
          grunt_decor_one_mirror
D:2:      layout_loops_cross, basic_altar, grunt_ministairs_9,
          chequers_serial_rivers_room_a, uniq_natasha, uniq_crazy_yiuf_cottage

Skill      XL: |  1  2  3 |
---------------+----------+-----
Axes           | 4 5 |  5.6
Armour         | 2 |  2.2
Fighting       | |  2.4
Dodging        | |  2.1
Spellcasting   | |  1.3
Conjurations   | |  2.1

Action                     |  1- 3 |  4- 6 || total
---------------------------+-------+-------++-------
  Melee: Hand axe          |    77 |    15 ||    92
         Headbutt          |     9 |     2 ||    11
    Use: Potion            |       |     3 ||     3
 Armour: Leather armour    |    12 |       ||    12
         Ring mail         |     5 |    13 ||    18
  Dodge: Dodged            |    41 |    16 ||    57

Table legend: (Time is in decaauts)
 A = Elapsed time spent in this place.
 B = Non-inter-level travel time spent in this place.
 C = Inter-level travel time spent in this place.
 D = Time resting spent in this place.
 E = Time spent auto-exploring this place.
 F = Levels seen in this place.
 G = Mean time per level.
                   A        B        C        D        E       F      G
               +--------+--------+--------+--------+--------+-----+--------+
         Total |   1250 |   1206 |     44 |      0 |    921 |   2 |  625.0 |
       Dungeon |   1250 |   1206 |     44 |      0 |    921 |   2 |  625.0 |
               +--------+--------+--------+--------+--------+-----+--------+

Top non-repeatable levels by time:
     D:1: 947 daAuts
     D:2: 302 daAuts
